 Dungeon Crawl Stone Soup version 0.28-a0-984-g3775c662fe (webtiles) character file.

Game seed: 2565669066753246604

430 voltaire321 the Covered (level 6, -1/56 HPs)
             Began as a Minotaur Fighter on Dec 3, 2021.
             Was an Initiate of Wu Jian.
             Slain by a two-headed ogre (16 damage)
             ... on level 4 of the Dungeon.
             The game lasted 00:07:07 (3846 turns).

voltaire321 the Covered (Minotaur Fighter)          Turns: 3846, Time: 00:07:08

Health: -1/56      AC: 11    Str: 22    XL:     6   Next: 66%
Magic:  5/5        EV:  8    Int:  5    God:    Wu Jian [......]
Gold:   184        SH:  5    Dex: 10    Spells: 5/5 levels left

rFire   . . .      SeeInvis .   a - +1 war axe
rCold   . . .      Faith    .   c - +0 buckler
rNeg    . . .      Spirit   .   j - +0 chain mail
rPois   .          Reflect  .   (helmet restricted)
rElec   .          Harm     .   (no cloak)
rCorr   .          Rampage  .   q - +0 pair of gloves
Will    .....                   (no boots)
Stlth   ..........              (no amulet)
HPRegen 0.18/turn               (no ring)
MPRegen 0.09/turn               (no ring)

@: no status effects
A: horns 2, retaliatory headbutt
a: Renounce Religion


You were on level 4 of the Dungeon.
You worshipped Wu Jian.
Wu Jian was noncommittal.
You visited 2 branches of the dungeon, and saw 5 of its levels.

You collected 184 gold pieces.

Inventory:

Hand Weapons
 a - a +1 war axe (weapon)
Missiles
 n - 17 poisoned darts (quivered)
Armour
 c - a +0 buckler (worn)
 j - a +0 chain mail (worn)
 q - a +0 pair of gloves (worn)
Wands
 b - a wand of polymorph (7)
Scrolls
 h - a scroll of fear
 i - 3 scrolls of teleportation
 m - a scroll of fog {unknown}
 p - 2 scrolls of identify
 r - a scroll of holy word {unknown}
Potions
 d - a potion of might
 e - a potion of haste {unknown}
 f - 2 potions of heal wounds {unknown}
 g - a potion of magic {unknown}
 k - a potion of mutation {unknown}
 l - 3 potions of curing
 o - a potion of berserk rage {unknown}


   Skills:
 + Level 5.1 Fighting
 + Level 4.2 Axes
 + Level 1.0 Throwing
 + Level 5.1 Armour
 + Level 3.0 Dodging
 + Level 5.1 Shields
 + Level 0.8 Evocations


You had 5 spell levels left.
You didn't know any spells.
Your spell library contained the following spells:

 Spells                   Type           Power      Damage    Failure   Level
 Sting                    Tmut/Pois      0%         1d3       99%         1
 Passwall                 Tmut/Erth      0%         N/A       99%         2
 Poisonous Vapours        Pois/Air       0%         N/A       99%         2
 Swiftness                Air            0%         N/A       100%        3
 Olgreb's Toxic Radiance  Pois           0%         N/A       100%        4


Dungeon Overview and Level Annotations

Branches:
Dungeon (4/15)             Temple (1/1) D:4

Altars:
Ashenzari
Cheibriados
Fedhas
Gozag
Hepliaklqana
Kikubaaqudgha
Nemelex Xobeh
Okawaru
Qazlal
Sif Muna
Trog
Uskayaw
Vehumet
Wu Jian
Xom
Zin
The Shining One

Shops:
D:4 *


Innate Abilities, Weirdness & Mutations

You have a pair of horns on your head.
You reflexively headbutt those who attack you in melee.


Message History

You hit the adder but do no damage. Your headbutt misses the adder.
The adder is lightly wounded.
The adder bites you but does no damage. x2
You hit the adder.
The adder is moderately wounded.
The adder bites you but does no damage. x2
You slash the adder!
You kill the adder!
The Council accepts your kill.
Your Dodging skill increases to level 3!
You see here an adder corpse.
You now have 184 gold pieces (gained 9).
You see here an adder corpse.
You open the door.
A two-headed ogre comes into view. It is wielding two +0 giant clubs.
The two-headed ogre shouts in stereo!
Found a chain mail.
Found Cipn's General Store.
You slash the two-headed ogre!
The two-headed ogre is moderately wounded.
You block the two-headed ogre's attack.
The two-headed ogre hits you but does no damage.
You barely miss the two-headed ogre.
Your headbutt misses the two-headed ogre.
The two-headed ogre is moderately wounded.
The two-headed ogre barely misses you.
The two-headed ogre hits you with a +0 giant club!
You slash the two-headed ogre!
Your headbutt misses the two-headed ogre.
The two-headed ogre is heavily wounded.
The two-headed ogre hits you but does no damage.
The two-headed ogre hits you with a +0 giant club.
You hit the two-headed ogre.
The two-headed ogre is heavily wounded.
The two-headed ogre hits you with a +0 giant club!!
The two-headed ogre hits you with a +0 giant club!
* * * LOW HITPOINT WARNING * * *
You hit the two-headed ogre but do no damage.
The two-headed ogre is heavily wounded.
The two-headed ogre hits you with a +0 giant club!
You die...

###########†..# #.....# #
#...######.....####
#..>+......).......
#######...#######....####
#..........# #.(..##..
#..........# #....##..
#..........# #....##..
#..........# #....##..
#........@O.# #########
#.#########.#########..<..
# .... #.##............
⌠..O⌠ #O##............
......#.##............
..∩...'.##............
......#.##........####
⌠...⌠.#.##........# [....
################


You could see a two-headed ogre.

Vanquished Creatures
  A centaur (D:3)
  2 jellies
  An orc priest (D:3)
  2 hounds (D:4)
  8 gnolls
  4 adders
  2 worms
  A dart slug (D:3)
  7 orcs
  6 endoplasms
  A giant cockroach (D:3)
  8 goblins
  7 hobgoblins
  9 jackals
  8 kobolds
  2 quokkas
  6 ball pythons
  A bat (D:1)
  2 frilled lizards
  7 rats
85 creatures vanquished.

Vanquished Creatures (others)
  A plant (D:3)
1 creature vanquished.

Grand Total: 86 creatures vanquished

Notes
Turn   | Place    | Note
-------+----------+-------------------------------------------
     0 | D:1      | voltaire321 the Minotaur Fighter began the quest for the
                  | Orb.
     0 | D:1      | Reached XP level 1. HP: 19/19 MP: 0/0
    74 | D:1      | Reached XP level 2. HP: 20/27 MP: 1/1
   355 | D:1      | Reached skill level 1 in Dodging
   511 | D:2      | Reached XP level 3. HP: 30/33 MP: 2/2
  1244 | D:2      | Found a faded altar of an unknown god.
  1533 | D:3      | Found a blossoming altar of Fedhas.
  1561 | D:3      | Noticed a centaur
  1565 | D:3      | Reached XP level 4. HP: 40/40 MP: 3/3
  1568 | D:3      | Killed a centaur
  1569 | D:3      | Reached XP level 5. HP: 40/47 MP: 4/4
  2060 | D:3      | Found a glowing silver altar of Zin.
  2582 | D:3      | Reached XP level 6. HP: 51/55 MP: 5/5
  2815 | D:4      | Found a staircase to the Ecumenical Temple.
  2950 | Temple   | Entered the Ecumenical Temple
  2960 | Temple   | Became a worshipper of the Wu Jian Council
  3138 | D:4      | Reached skill level 5 in Armour
  3140 | D:4      | Reached skill level 5 in Shields
  3148 | D:4      | Reached skill level 5 in Fighting
  3587 | D:4      | Found a snail-covered altar of Cheibriados.
  3644 | D:4      | Found a sparkling altar of Nemelex Xobeh.
  3788 | D:4      | Reached skill level 1 in Throwing
  3833 | D:4      | Found Cipn's General Store.
  3833 | D:4      | Noticed a two-headed ogre
  3846 | D:4      | Slain by a two-headed ogre

Illustrated notes

Levels and vault maps discovered:
D:1:      dpeg_arrival_ratfight, layout_rooms, minmay_misc_feat_columns
D:2:      layout_loops_ring, chequers_ecumenical_altar_island
D:3:      layout_basic, zin_treasury, fedhas_altar_2, kennysheep_donut,
          serial_bayou_crossing
D:4:      layout_basic, mainiacjoe_overflow_catch_the_wave,
          minmay_temple_entry_poolview, kennysheep_small_square
Temple:   dshaligram_water_room_temple

Skill      XL: |  1  2  3  4  5  6 |
---------------+-------------------+-----
Dodging        | 1 2 3 |  3.0
Armour         | 4 5 |  5.1
Fighting       | 4 5 |  5.1
Shields        | 4 5 |  5.1
Axes           | 3 4 |  4.2
Throwing       | 1 |  1.0
Evocations     | |  0.8

Action                   |  1- 3 |  4- 6 || total
-------------------------+-------+-------++-------
Melee: War axe           |    77 |   101 ||   178
       Headbutt          |    11 |    19 ||    30
Invok: Lunge             |       |     3 ||     3
  Use: Scroll            |       |     6 ||     6
Armor: Scale mail        |    30 |       ||    30
       Chain mail        |    19 |    64 ||    83
Dodge: Dodged            |    36 |    32 ||    68
Block: Buckler           |    15 |    21 ||    36

Table legend: (Time is in decaauts)
 A = Elapsed time spent in this place.
 B = Non-inter-level travel time spent in this place.
 C = Inter-level travel time spent in this place.
 D = Time resting spent in this place.
 E = Time spent auto-exploring this place.
 F = Levels seen in this place.
 G = Mean time per level.
                   A        B        C        D        E       F      G
               +--------+--------+--------+--------+--------+-----+--------+
         Total |   3916 |   3686 |    230 |    311 |   2696 |   5 |  783.2 |
       Dungeon |   3791 |   3565 |    226 |    311 |   2604 |   4 |  947.8 |
        Temple |    124 |    120 |      4 |      0 |     92 |   1 |  124.0 |
               +--------+--------+--------+--------+--------+-----+--------+

Top non-repeatable levels by time:
     D:3: 1232 daAuts
     D:2: 1043 daAuts
     D:4: 999 daAuts
     D:1: 516 daAuts
  Temple: 124 daAuts
